 Dungeon Crawl Stone Soup version 0.31.0-12-g77e489cdc1 (webtiles) character file.

Game seed: 3293415222448738652

1201 Silvore the Cleaver (level 8, 0/70 HPs)
             Began as a Minotaur Fighter on Feb 22, 2024.
             Slain by a gnoll
             ... wielding a +0 spear
             ... led by a gnoll bouda
              (5 damage)
             ... on level 6 of the Dungeon.
             The game lasted 00:04:20 (3918 turns).

Silvore the Cleaver (Minotaur Fighter)              Turns: 3918, Time: 00:04:20

Health: 0/70       AC:  9    Str: 24    XL:     8   Next: 21%
Magic:  7/7        EV: 10    Int:  5    God:
Gold:   226        SH:  4    Dex:  9    Spells: 7/7 levels left

rFire   . . .        a - +0 war axe
rCold   . . .        c - +0 buckler
rNeg    + . .        h - +2 scale mail {rPois}
rPois   +            (helmet restricted)
rElec   .            (no cloak)
rCorr   .            (no gloves)
SInv    .            (no boots)
Will    .....        (no amulet) Stlth
                     i - ring of wizardry
HPRegen 0.31/turn    k - ring of positive energy
MPRegen 0.10/turn

%: wizardry (x1)
@: mighty
A: horns 2, retaliatory headbutt
a: no special abilities


You were on level 6 of the Dungeon.
You visited 1 branch of the dungeon, and saw 6 of its levels.

You collected 226 gold pieces.

Inventory:

Hand Weapons
 a - a +0 war axe (weapon)
Armour
 b - a +1 scale mail
 c - a +0 buckler (worn)
 h - a +2 scale mail of poison resistance (worn)
Jewellery
 i - a ring of wizardry (left hand)
 k - a ring of positive energy (right hand)
Scrolls
 f - 3 scrolls of vulnerability
 m - 3 scrolls of teleportation
 p - a scroll of summoning
Potions
 e - a potion of cancellation {unknown}
 g - 2 potions of lignification
 j - 3 potions of magic
 l - 2 potions of curing
 o - 2 potions of degeneration {unknown}


   Skills:
 + Level 5.7 Fighting
 + Level 8.5 Axes
 + Level 6.5 Armour
 + Level 2.1 Dodging
 + Level 0.5 Stealth
 + Level 5.2 Shields


You had 7 spell levels left.
You didn't know any spells.
Your spell library contained the following spells:

 Spells                   Type           Power      Damage    Failure   Level
 Jinxbite                 Hex            0%         N/A       61%         2
 Gell's Gravitas          Tloc           0%         N/A       83%         3
 Stone Arrow              Conj/Erth      0%         3d7       83%         3
 Teleport Other           Tloc           0%         N/A       83%         3
 Animate Armour           Summ/Erth      0%         N/A       99%         4
 Yara's Violent Unravell  Hex/Alch       0%         3d3       100%        5
 Dispersal                Tloc           0%         N/A       100%        6
 Enfeeble                 Hex            0%         N/A       100%        7
 Lehudib's Crystal Spear  Conj/Erth      0%         10d2      100%        8


Dungeon Overview and Level Annotations

Branches:
Dungeon (6/15)
 Temple: D:4-7

Altars:
Hepliaklqana
Ru
Sif Muna
Trog
Uskayaw
Vehumet
Xom


Innate Abilities, Weirdness & Mutations

You have a pair of horns on your head.
You reflexively headbutt those who attack you in melee.


Message History

A gnoll comes into view. It is wielding a +0 spear.
The gnoll bouda hits you with a +0 club.
You hit the gnoll bouda.
The gnoll bouda is heavily wounded.
The gnoll bouda mumbles some strange prayers to its god.
The gnoll bouda is healed somewhat.
The gnoll hits you but does no damage.
You closely miss the gnoll bouda.
The gnoll bouda is moderately wounded.
The gnoll bouda barks out a call to the hunt!
The gnoll picks up the pace!
The gnoll barely misses you. The gnoll hits you with a +0 flail.
The gnoll bouda hits you with a +0 club!
The gnoll hits you with a +0 halberd! The gnoll barely misses you.
You slash the gnoll!
The gnoll is heavily wounded.
You hit the gnoll bouda but do no damage.
You closely miss the gnoll.
The gnoll bouda hits you with a +0 club.
You block the gnoll's attack. The gnoll hits you with a +0 flail!
The gnoll hits you from afar with a +0 spear.
You feel very mighty all of a sudden.
Your attacks no longer feel as feeble.
The gnoll bouda hits you but does no damage.
The gnoll completely misses you. x2; The gnoll barely misses you.
You slash the gnoll!
You kill the gnoll!
You barely miss the gnoll bouda. You hit the gnoll.
The gnoll bouda barely misses you. The gnoll hits you with a +0 flail.
The gnoll hits you from afar with a +0 spear.
* * * LOW HITPOINT WARNING * * *
Unknown command.
You slash the gnoll!
You kill the gnoll!
You barely miss the gnoll bouda.
The gnoll bouda hits you with a +0 club!
* * * LOW HITPOINT WARNING * * *
The gnoll closely misses you.
The gnoll bouda hits you with a +0 club.
* * * LOW HITPOINT WARNING * * *
The gnoll hits you with a +0 spear.
You die...

#.....#
#.?#..#####
#...#......
#...#....#
###..?...#
#.#.....##
#.......###.. .#
#.##.g.........#..
#..@)....###..#.#
#..g......# #..##
##..####..## ...
#.## #...###.# #.
#...<#.# ##
##....†.######
................
.###.....###...#
##....# #.#


You could see a gnoll bouda and a gnoll (swift).

Vanquished Creatures
  Sigmund (D:2)
  A sky beast (D:5)
  2 black bears
  2 phantoms
  2 scorpions (D:5)
  A jelly (D:5)
  A hound (D:5)
  3 orc priests
  A sleepcap (D:5)
  Jessica (D:2)
  An iguana (D:5)
  Terence (D:2)
  An orc wizard (D:4)
  5 gnolls
  5 adders
  A shadow imp (D:5)
  A white imp (D:5)
  3 ribbon worms (D:2)
  7 orcs
  8 endoplasms
  4 giant cockroaches
  6 goblins
  9 hobgoblins
  8 jackals
  11 kobolds
  4 quokkas
  5 ball pythons
  5 bats
  5 frilled lizards
  6 rats
111 creatures vanquished.

Notes
Turn   | Place    | Note
-------+----------+-------------------------------------------
     0 | D:1      | Silvore the Minotaur Fighter began the quest for the Orb.
     0 | D:1      | Reached XP level 1. HP: 19/19 MP: 0/0
    60 | D:1      | Reached XP level 2. HP: 27/27 MP: 1/1
   352 | D:1      | Reached skill level 3 in Axes
   520 | D:1      | Reached XP level 3. HP: 28/33 MP: 2/2
   933 | D:2      | Noticed Sigmund
   940 | D:2      | Killed Sigmund
   941 | D:2      | Reached skill level 5 in Axes
   941 | D:2      | Reached XP level 4. HP: 40/41 MP: 3/3
   941 | D:2      | Reached XP level 5. HP: 46/47 MP: 4/4
   986 | D:2      | Found a radiant altar of Vehumet.
  1220 | D:2      | Noticed Jessica
  1223 | D:2      | Killed Jessica
  1438 | D:2      | Noticed Terence
  1448 | D:2      | Killed Terence
  1449 | D:2      | Reached skill level 1 in Dodging
  1449 | D:2      | Reached XP level 6. HP: 30/53 MP: 5/5
  1793 | D:3      | Reached skill level 6 in Axes
  1793 | D:3      | Reached skill level 5 in Armour
  2319 | D:3      | Found a shimmering altar of Xom.
  2320 | D:3      | Found a shimmering altar of Xom.
  2320 | D:3      | Found a shimmering altar of Xom.
  2322 | D:3      | Found a shimmering altar of Xom.
  2322 | D:3      | Found a shimmering altar of Xom.
  2324 | D:3      | Found a shimmering altar of Xom.
  2769 | D:4      | Found a sacrificial altar of Ru.
  2782 | D:4      | Reached XP level 7. HP: 60/60 MP: 6/6
  2786 | D:4      | Reached skill level 7 in Axes
  3071 | D:5      | Entered Level 5 of the Dungeon
  3088 | D:5      | Reached skill level 5 in Fighting
  3189 | D:5      | Found a shimmering blue altar of Sif Muna.
  3195 | D:5      | Found a bloodstained altar of Trog.
  3490 | D:5      | Reached skill level 8 in Axes
  3523 | D:5      | Found a hazy altar of Hepliaklqana.
  3568 | D:5      | Reached skill level 5 in Shields
  3568 | D:5      | Reached XP level 8. HP: 56/69 MP: 7/7
  3695 | D:5      | Found a hide-covered altar of Uskayaw.
  3918 | D:6      | Slain by a gnoll

Illustrated notes

Levels and vault maps discovered:
D:1:      dpeg_arrival_pond, layout_basic
D:2:      layout_basic, basic_altar, uniq_jessica, uniq_terence, uniq_sigmund
D:3:      layout_loops_cross, xom_redecorated
D:4:      layout_basic, nicolae_ru_great_annihilating_truth
D:5:      layout_cave_pools, hellmonk_overflow_destroyed_library,
          nicolae_uskayaw_murder_on_the_dancefloor,
          mainiacjoe_overflow_six_doors_small, grunt_decor_mini_mirrors,
          nicolae_zig_zag_zippers
D:6:      layout_layer_cave, temple_hall

Skill      XL: |  1  2  3  4  5  6  7  8 |
---------------+-------------------------+-----
Shields        | 4 5 |  5.2
Fighting       | 4 5 |  5.7
Axes           | 3 5 6 8 |  8.5
Armour         | 4 5 6 |  6.5
Dodging        | 1 2 |  2.1
Stealth        | |  0.5

Action                     |  1- 3 |  4- 6 |  7- 9 || total
---------------------------+-------+-------+-------++-------
  Melee: War axe           |    51 |   131 |    97 ||   279
         Headbutt          |     7 |    16 |    15 ||    38
    Use: Scroll            |     3 |     1 |     6 ||    10
         Potion            |       |       |     1 ||     1
   Stab: Paralysed         |       |       |     1 ||     1
 Armour: Scale mail        |    38 |    92 |    92 ||   222
  Dodge: Dodged            |    21 |    68 |    44 ||   133
  Block: Buckler           |    12 |    31 |    18 ||    61
